TKirby, neutral male human Monk ------ ------- ----- ##-....-######....`.| --------- -------- |...| # |....| # |.....| |...)....# |......| |....##``##-....-##### |.....| ######-.......|# |......| |...| #|....| ##-.....| |...[...|# %%..(...| |...| #|....| ----|-- --.------# #|......| |...| #|....| # # # #|......| |...| #------ # ### # #-------- ---|- ### # # # #### ## # # [ # # # # # -------.----# # ### # # |..>@.`....|### # # # `###### |..u*......| # # ### # -.-|---- ##-..........| ### # # # |......| # ------------ # -----# --------|---# |<.....-##### ### |...|# |..........|# |......| # |...|# |......(..<-# |......| ##....-# ------------ -------- ----- TKirby the Initiate Experience level: 6 Strength: 18/01 Dexterity: 12 Constitution: 13 Intelligence: 9 Wisdom: 13 Charisma: 13 Health: 41(41) Energy: 34(34) Def: 6 Gold: 852 Moves: 4050 Dungeon seed: PatgBi1lsEbYK_rJ Game ID: TKirby_1505244427 Your Inventory: Coins $ - 852 gold pieces Weapons m - 42 +0 darts z - a poisoned +0 dart Armor e - an uncursed +2 pair of leather gloves (being worn) n - an uncursed +1 robe (being worn) r - a cursed -1 pair of gauntlets of power Comestibles f - 4 uncursed apples g - 5 uncursed oranges h - 3 uncursed fortune cookies A - an uncursed tripe ration L - an uncursed food ration Scrolls b - 2 uncursed scrolls of teleportation j - a blessed scroll of teleportation l - 2 uncursed scrolls of enchant weapon o - an uncursed scroll of remove curse u - 2 blessed scrolls of blank paper G - an uncursed scroll of magic mapping Spellbooks a - a blessed spellbook of sleep H - an uncursed spellbook of jumping I - a blessed spellbook of healing Potions c - 2 uncursed potions of healing i - an uncursed potion of restore ability C - a cursed potion of object detection F - an uncursed potion of paralysis Wands K - a cursed wand of cancellation (0:8) Tools q - an uncursed towel y - an uncursed skeleton key B - an uncursed magic whistle D - an uncursed mirror E - an uncursed leash Spells and supernatural/magical abilities: Name Level Category Fail Memory h - healing 1 healing 0% 100% j - jumping 1 escape 0% 100% z - sleep 1 enchantment 0% 80% W - pray for help -- divine ? -- Your skills at the end: Fighting Skills martial arts [Skilled] Weapon Skills Spellcasting Skills healing spells [Basic] Final Attributes: You were piously aligned. You were sleep resistant. You were poison resistant. You saw invisible. You were stealthy. You were fast. You survived. Vanquished creatures: an orc mummy 3 human zombies an imp a water nymph a pony a shrieker a straw golem a paper golem 2 floating eyes 2 kittens 9 hill orcs 3 rothes a dwarf zombie 2 coyotes a gas spore 2 hobbits a large kobold 2 hobgoblins 2 giant rats 4 yellow molds a green mold 2 red molds a gnome 6 garter snakes 2 gnome zombies 2 geckos 2 jackals 2 foxes a kobold a goblin 13 grid bugs a bat 4 lichens a kobold zombie 4 newts 84 creatures vanquished. Voluntary challenges: You followed a strict vegan diet. You never hit with a wielded weapon. You read items or engraved 5 times, starting on turn 3923. You never genocided any monsters. You never polymorphed an object. You never changed form. You used no wishes. You never split a pudding. You never wrote Elbereth's name. You violated your moral code, losing 10 points of alignment, starting on turn 2863. Dungeon overview: The Dungeons of Doom: levels 1 to 7 Level 1 some fountains a long staircase Level 2 a general store, a fountain Level 3 a general store Level 4 a sink a long staircase Level 5 an altar to Chih Sung-tzu, a fountain Level 6 many fountains Level 7 <- You were here stairs to Sokoban Sokoban: Level 6 stairs to The Dungeons of Doom History has recorded: On T:1 you entered the Dungeons of Doom to retrieve the Amulet of Yendor! On T:46 you reached level 2 of The Dungeons of Doom. On T:524 you advanced to experience level 2. On T:623 you reached level 3 of The Dungeons of Doom. On T:991 you reached level 4 of The Dungeons of Doom. On T:1040 you advanced to experience level 3. On T:1337 you reached level 5 of The Dungeons of Doom. On T:2027 you reached level 6 of The Dungeons of Doom. On T:2125 you advanced to experience level 4. On T:2498 you advanced to experience level 5. On T:3462 you reached level 7 of The Dungeons of Doom. On T:3772 you advanced to experience level 6. On T:3995 you reached level 4 of Sokoban. Score breakdown: Gold: 852 ( 9970 points) Experience: 6 levels (12456 points) Exploration: 7 levels ( 14.00%) (10497 points) Discoveries: 3 items ( 1.07%) ( 3105 points) Valuables value: (no points given unless you survive) Artifact value: 0 ( 0 points) Variety of kills: 35 monsters ( 9.19%) ( 9092 points) Turncount: 4050 turns (-1043 points) Survival: quit (score multiplied by 90%) Total score: 39669 Latest messages: Hello TKirby, the human Monk, welcome back to NetHack! Final status: Goodbye TKirby the Monk, quit... You quit in The Dungeons of Doom on dungeon level 7 with 39669 points, and 852 pieces of gold, after 4050 moves. You were level 6 with a maximum of 41 hit points when you quit.